 Dungeon Crawl Stone Soup version 0.30-a0-578-gdee14c521f (webtiles) character file.

Game seed: 12930832930128839550

22 wormed the Shooter (level 2, 24/24 HPs)
             Began as a Demigod Hunter on Dec 31, 2022.
             Quit the game on level 1 of the Dungeon.
             The game lasted 00:00:43 (395 turns).

wormed the Shooter (Demigod Hunter)                  Turns: 395, Time: 00:00:44

Health: 24/24      AC:  3    Str: 12    XL:     2   Next: 51%
Magic:  4/4        EV: 12    Int: 11    God:
Gold:   41         SH:  0    Dex: 17    Spells: 1/1 levels left

rFire   . . .      SeeInvis .    a - +0 shortbow
rCold   . . .      Faith    .    (shield currently unavailable)
rNeg    . . .      Spirit   .    c - +0 leather armour
rPois   .          Reflect  .    (no helmet)
rElec   .          Harm     .    (no cloak)
rCorr   .          Rampage  .    (no gloves)
Will    .....                    (no boots)
Stlth   ++                       (no amulet)
HPRegen 0.24/turn                (no ring)
MPRegen 0.09/turn                (no ring)

@: no status effects
A: high MP 1, forlorn, divine attributes
a: no special abilities


You were on level 1 of the Dungeon.
You visited 1 branch of the dungeon, and saw 1 of its levels.

You collected 41 gold pieces.

Inventory:

Hand Weapons
 a - a +0 shortbow (weapon)
Armour
 c - a +0 leather armour (worn)
Scrolls
 b - a scroll of immolation
 d - a scroll of noise {unknown}
 e - a scroll of poison {unknown}
 f - a scroll of acquirement {unknown}
 h - a scroll of identify {unknown}
Potions
 g - a potion of curing {unknown}


   Skills:
 + Level 2.1 Fighting
 + Level 3.8 Ranged Weapons
 + Level 2.1 Dodging
 + Level 1.4 Stealth


You had one spell level left.
You didn't know any spells.
Your spell library was empty.

Dungeon Overview and Level Annotations

Branches:
Dungeon (1/15)

Shops:
D:1 *


Innate Abilities, Weirdness & Mutations

You have an increased reservoir of magic. (+10% MP)
You shall have no god before yourself.
Your divine heritage dramatically boosts your attributes as you level up.


Message History

You kill the rat!
No target in view!
No target in view!
You now have 41 gold pieces (gained 11).
You open the door.
There is an open door here.
Found a stone staircase leading down.
A quokka comes into view.
A quokka is nearby!
A quokka is nearby!
You shoot an arrow. The arrow hits the quokka!
You kill the quokka!
No target in view!
Found 7 stones.
A hobgoblin comes into view.
A hobgoblin is nearby!
You shoot an arrow. The arrow hits the hobgoblin.
The hobgoblin shouts!
The hobgoblin is moderately wounded.
You shoot an arrow. The arrow hits the hobgoblin.
The hobgoblin is almost dead.
You shoot an arrow. The arrow barely misses the hobgoblin.
You shoot an arrow. The arrow barely misses the hobgoblin.
A hobgoblin is nearby!
A hobgoblin is nearby!
You shoot an arrow. The arrow hits the hobgoblin.
You kill the hobgoblin!
No target in view!
You open the door. You open the door.
There is an open door here.
There is a stone staircase leading down here.
You open the door.
There is an open door here.
You open the door.
Found Caveacha's General Store.
There is an open door here.
There is an entrance to Caveacha's General Store here.
You can access your shopping list by pressing '$'.
Are you sure you want to abandon this character and quit the game? (Confirm with "yes".)

#####......####.#...)#########.
#......# #+#......###.#.
#......####..............#.
#........##........#.###.#.
#........##........#.###.##
#........÷............†...'
##.......................##
#....##.#+#...............
#######.'@+...............
#.#+# ............. #.. .
.......... #.. .......... #...
.......... #... ..........
#.... ##


There were no monsters in sight!

Vanquished Creatures
  2 endoplasms (D:1)
  A giant cockroach (D:1)
  2 goblins (D:1)
  2 hobgoblins (D:1)
  3 jackals (D:1)
  2 quokkas (D:1)
  2 ball pythons (D:1)
  5 frilled lizards (D:1)
  A rat (D:1)
20 creatures vanquished.

Notes
Turn   | Place    | Note
-------+----------+-------------------------------------------
     0 | D:1      | wormed the Demigod Hunter began the quest for the Orb.
     0 | D:1      | Reached XP level 1. HP: 17/17 MP: 3/3
    34 | D:1      | Reached skill level 1 in Stealth
   138 | D:1      | Reached XP level 2. HP: 24/24 MP: 4/4
   392 | D:1      | Found Caveacha's General Store.
   395 | D:1      | Quit the game

Illustrated notes

Levels and vault maps discovered:
D:1:      minmay_arrival_semitransparent, layout_basic, serial_shops,
          nicolae_shop_behind_doors, hellmonk_ecumenical_altar_crossroads,
          minmay_misc_feat_roman, minivault_5

Skill      XL: |  1 |
---------------+----+-----
Stealth        | 1 |  1.4
Dodging        | 2 |  2.1
Fighting       | 2 |  2.1
Ranged Weapons | |  3.8

Action                   || total
-------------------------++-------
 Fire: Shortbow          ||    42
Armor: Leather armour    ||     6
Dodge: Dodged            ||    15

Table legend: (Time is in decaauts)
 A = Elapsed time spent in this place.
 B = Non-inter-level travel time spent in this place.
 C = Inter-level travel time spent in this place.
 D = Time resting spent in this place.
 E = Time spent auto-exploring this place.
 F = Levels seen in this place.
 G = Mean time per level.
                   A        B        C        D        E       F      G
               +--------+--------+--------+--------+--------+-----+--------+
         Total |    409 |    409 |      0 |      0 |    324 |   1 |  409.0 |
       Dungeon |    409 |    409 |      0 |      0 |    324 |   1 |  409.0 |
               +--------+--------+--------+--------+--------+-----+--------+

Top non-repeatable levels by time:
     D:1: 409 daAuts
